[Event "Betsys MČR v online bleskovém šachu 2021"]
[Site "Chess.com"]
[Date "2021.04.17"]
[Round "7"]
[White "HCMotorCB"]
[Black "Soural_J"]
[Result "1-0"]
[WhiteElo "2386"]
[BlackElo "2196"]
[TimeControl "180+1"]
[EndTime "10:12:35 PDT"]
[Termination "Uživatel HCMotorCB zvítězil po vzdání soupeře"]

1. d4 Nf6 2. c4 g6 3. g3 Bg7 4. Bg2 O-O 5. Nf3 c6 6. O-O d5 7. Nbd2 Bf5 8. b3 Ne4 9. Bb2 Nd7 10. Nh4 Ndf6 11. Nxf5 gxf5 12. f3 Nd6 13. c5 Nde8 14.
Qc2 Nc7 15. Qxf5 Re8 16. f4 Ne6 17. e3 a5 18. a3 b6 19. b4 bxc5 20. bxc5 Rb8 21.
Bc3 Qc7 22. Rab1 a4 23. g4 Rb7 24. Rxb7 Qxb7 25. Rb1 Qa6 26. Bf1 Qa7 27. g5 Nd7 28.
Bd3 Nef8 29. h4 Rb8 30. Rxb8 Qxb8 31. h5 e6 32. Qg4 f5 33. Qd1 Qe8 34. Be2 Qa8 35. Qb1 Nb8 36. h6 Bh8 37. Qb6 Nbd7 38. Qa5 Qb8 39. Qxa4 Ng6 40. Qxc6 Ndf8 41. Qb5 Qc7 42.
Qb6 Qe7 43. a4 Qd7 44. Bb5 Qf7 45. a5 Nxf4 46. exf4 Qh5 47. Kf2 Qh3 48. Nf3 Qh1 49. Bf1 Qh5 50. a6 Bxd4+ 51. Bxd4 e5 52. Bxe5 1-0

[Event "Betsys MČR v online bleskovém šachu 2021"]
[Site "Chess.com"]
[Date "2021.04.17"]
[Round "7"]
[White "androidddd"]
[Black "jarosymon"]
[Result "1-0"]
[WhiteElo "1436"]
[BlackElo "1752"]
[TimeControl "180+1"]
[EndTime "10:12:35 PDT"]
[Termination "Uživatel androidddd zvítězil na čas"]

1. e4 d5 2. exd5 Nf6 3. Nc3 Nxd5 4. Nxd5 Qxd5 5. Nf3 c6 6. b3 Bg4 7. Bc4 Qd6 8. Bb2 e5 9. Bxe5 Bxf3 10. Bxd6 Bxd1 11.
Bxf8 Kxf8 12. Rxd1 Nd7 13. O-O Nf6 14. d4 b5 15. Bd3 g6 16. Rfe1 Re8 17. f3 Kg7 18. Kf2 Nd5 19. Rxe8 Rxe8 20. Re1 Rxe1 21. Kxe1 Nc3 22.
Be4 Nxa2 23. Bxc6 b4 24. Kd2 f6 25. Kd3 Kf7 26. Kc4 Ke7 27. Be4 Kd6 28. Bd3 Kc6 29. h4 f5 30. h5 a5 31. g4 Nc3 32.
hxg6 hxg6 33. gxf5 gxf5 34. Bxf5 Ne2 35. Bd3 Nf4 36.
Be4+ Kb6 37. d5 Nh5 38. d6 Nf6 39. Kd4 Nd7 40. f4 Nc5 41. f5 Nd7 42. Bd5 Kb5 43. Be6 Nf6 44. Ke5 Ne8 45. d7 1-0

[Event "Betsys MČR v online bleskovém šachu 2021"]
[Site "Chess.com"]
[Date "2021.04.17"]
[Round "7"]
[White "Michal5"]
[Black "DenisaD2008"]
[Result "1-0"]
[WhiteElo "1205"]
[BlackElo "963"]
[TimeControl "180+1"]
[EndTime "10:12:35 PDT"]
[Termination "Uživatel Michal5 zvítězil matem"]

1. e4 e5 2. Nf3 Nc6 3. Bc4 Bc5 4. d3 Nf6 5. Nc3 h6 6. O-O d6 7. h3 Be6 8. Bb3 Bxb3 9. axb3 O-O 10. Be3 Bxe3 11.
fxe3 d5 12. exd5 Nxd5 13. Nxd5 Qxd5 14. e4 Qd7 15. Qd2 Nd4 16. Nxe5 Qe6 17. Nf3 Nxf3+ 18. Rxf3 f5 19. exf5 Rxf5 20. Rxf5 Qxf5 21. Rf1 Qg6 22. Qf4 Re8 23. Qxc7 b5 24. Qxa7 b4 25. Qc5 Rb8 26.
Qc4+ Kh8 27. Qc5 Kh7 28. Qf5 Qxf5 29. Rxf5 g6 30. Rf7+ Kg8 31. Rf6 Kg7 32. Rf4 g5 33. Rf3 Rc8 34. Rf2 h5 35. d4 Rd8 36. Rd2 Rd5 37. c3 bxc3 38. bxc3 Kf6 39. Kf2 Ke6 40. Ke3 Kd6 41. Kd3 Kc6 42. c4 Rd6 43. b4 Kd7 44. Ra2 Ke6 45. c5 Rd7 46. b5 Kd5 47. Rf2 Ke6 48. Re2+ Kf7 49. b6 Kf6 50. Kc4 Kf5 51.
c6 Rd8 52. Kc5 Kf4 53. c7 Rc8 54. Kc6 Kg3 55. b7 Rf8 56. c8=Q Rxc8+ 57. bxc8=Q h4 58. Qg4+ Kh2 59. Qxg5 Kg1 60. Qc1+ Kh2 61. g3+ Kxh3 62. Qh1+ Kg4 63. Re4+ Kxg3 64. Qxh4+ Kf3 65. Qg4+ Kf2 66. Re2+ Kf1 67. Qg2# 1-0

[Event "Betsys MČR v online bleskovém šachu 2021"]
[Site "Chess.com"]
[Date "2021.04.17"]
[Round "7"]
[White "viklan"]
[Black "JIDEMONI"]
[Result "0-1"]
[WhiteElo "1583"]
[BlackElo "1896"]
[TimeControl "180+1"]
[EndTime "10:12:36 PDT"]
[Termination "Uživatel JIDEMONI zvítězil po vzdání soupeře"]

1. d4 Nf6 2. c4 c5 3. Nf3 cxd4 4. Nxd4 Nc6 5. Nc2 g6 6. Nc3 Bg7 7. g3 O-O 8. Bg2 d6 9. O-O a6 10. b3 Qc7 11. Bb2 Ng4 12. Qd2 Bh6 13. e3 Bf5 14. Nd4 Nxd4 15. Qxd4 Bg7 16. Qd2 Nf6 17. Nd5 Nxd5 18. cxd5 Bxb2 19. Qxb2 Rac8 20. Rac1 Qa5 21. a3 h5 22. b4 Qd8 23. h4 Qd7 24. Rfd1 Bg4 25.
Rd2 Bh3 26. Bh1 Rxc1+ 27. Qxc1 Rc8 28. Rc2 Rxc2 29. Qxc2 Qb5 30. Qc1 Qd3 31. Kh2 Bf5 32. Bf3 Be4 33. Bxe4 Qxe4 34. Qc8+ Kg7 35. Qxb7 Qf3 36.
Kg1 Qd1+ 37. Kg2 Qd3 38. Qxe7 Qxd5+ 39. e4 Qd3 40. a4 Qd4 41. b5 Qxa4 42. b6 Qb5 43.
Qxd6 a5 44. Qd5 Qxb6 45. e5 a4 46. Qd6 Qxd6 47. exd6 Kf6 48. d7 Ke7 49. Kf3 Kxd7 50. Ke4 Ke6 51. Kd4 Kf5 52. f3 f6 53. Kc4 g5 54. hxg5 fxg5 55. Kb4 h4 56. gxh4 gxh4 57.
Kxa4 Kf4 58. Kb4 h3 59. Kc3 h2 60. Kd2 h1=Q 0-1

[Event "Betsys MČR v online bleskovém šachu 2021"]
[Site "Chess.com"]
[Date "2021.04.17"]
[Round "7"]
[White "Kamilotka"]
[Black "EliasD123"]
[Result "0-1"]
[WhiteElo "1610"]
[BlackElo "1319"]
[TimeControl "180+1"]
[EndTime "10:12:39 PDT"]
[Termination "Uživatel EliasD123 zvítězil na čas"]

1. e4 e5 2. d4 exd4 3. Bc4 Nc6 4. c3 Bc5 5. Bxf7+ Kxf7 6. Qh5+ g6 7. Qxc5 Nf6 8. Bg5 d6 9. Qa3 Be6 10. cxd4 Nxd4 11.
Nf3 Nc2+ 12. Kf1 Nxa3 13. bxa3 h6 14. Bh4 g5 15. Bg3 Nxe4 16. Nbd2 Nxd2+ 17. Nxd2 Re8 18. h4 g4 19. Rc1 Qd7 20. Kg1 Re7 21. Kh2 h5 22. Rhf1 Rae8 23. Ne4 d5 24. Ng5+ Kg6 25. f4 Rf8 26. Rf2 Bf5 27. Rd1 c6 28. Rd4 Qd6 29.
Rb4 b5 30. Rb3 Rfe8 31. Rc3 Re3 32. Rc1 Re2 33. Rff1 Rxa2 34. Rfd1 Ree2 35. Rg1 Qe7 36. Rxc6+ Kg7 37. Rcc1 a5 38. Rc6 Be4 39. f5 Rxg2+ 40. Rxg2 Rxg2+ 41. Kh1 Rc2+ 42. Kg1 Rxc6 43. Kf2 Rc2+ 44.
Ke3 Qxa3+ 45. Kf4 Qb4 46. Ne6+ Kf6 47. Nd8 Bd3+ 0-1

[Event "Betsys MČR v online bleskovém šachu 2021"]
[Site "Chess.com"]
[Date "2021.04.17"]
[Round "7"]
[White "Milan_Jancek"]
[Black "Hroch-hroch"]
[Result "0-1"]
[WhiteElo "1820"]
[BlackElo "2251"]
[TimeControl "180+1"]
[EndTime "10:12:41 PDT"]
[Termination "Uživatel Hroch-hroch zvítězil na čas"]

1. c4 e5 2. Nc3 Bb4 3. d3 Nf6 4. g3 O-O 5. Bg2 c6 6. Bd2 d5 7. a3 Bxc3 8. Bxc3 d4 9. Bd2 Re8 10. Bg5 Nbd7 11. Nf3 h6 12. Bxf6 Nxf6 13. O-O Bf5 14.
Nd2 e4 15. dxe4 Nxe4 16. Nxe4 Bxe4 17. Qd2 Bxg2 18. Kxg2 c5 19. Rad1 Qe7 20. Rfe1 Rad8 21. e3 d3 22. Qc3 Rd6 23. Rd2 Red8 24. Qa5 b6 25. Qc3 h5 26. h4 a5 27. f3 Qd7 28.
b3 Rg6 29. e4 Rd6 30. a4 Rd4 31. Re3 Qd6 32. Qc1 Qe5 33. Qb2 R8d6 34. Qc3 Rg6 35. f4 Qxf4 36. Rf3 Qxe4 37. Rxd3 Qe2+ 38. Kh3 Rxd3 39.
Qxd3 Qe6+ 40. Kg2 Qg4 41. Qd8+ Kh7 42. Kh2 Re6 43. Qd3+ Rg6 44. Kg2 f6 45. Kf2 Qh3 46. Qe4 Qh2+ 47. Ke3 Qb2 48. Qd3 Qc1+ 49. Ke2 Qg1 0-1

[Event "Betsys MČR v online bleskovém šachu 2021"]
[Site "Chess.com"]
[Date "2021.04.17"]
[Round "7"]
[White "Terilka"]
[Black "Mimochodem"]
[Result "0-1"]
[WhiteElo "1518"]
[BlackElo "1796"]
[TimeControl "180+1"]
[EndTime "10:12:41 PDT"]
[Termination "Uživatel Mimochodem zvítězil po vzdání soupeře"]

1. d4 d5 2. Nf3 c5 3. e3 e6 4.
c3 Nf6 5. Bd3 b6 6. O-O Bb7 7.
Nbd2 Be7 8. Qe2 O-O 9. Re1 Nc6 10.
e4 dxe4 11. Nxe4 cxd4 12. cxd4 Nxd4 13. Nxd4 Qxd4 14. Nxf6+ Bxf6 15. Be3 Qd5 16. f3 Rfd8 17. Be4 Qd7 18. Red1 Qe7 19. Bxb7 Qxb7 20. Rac1 Rxd1+ 21. Rxd1 h6 22. b3 Qc6 23. Bf4 Qc5+ 24. Kh1 Qb4 25.
Bd6 Qh4 26. Rc1 Rd8 27. Bg3 Qg5 28. Rc7 a5 29. Rc6 Bd4 30. Qc2 Bc5 31. Bf2 Qd5 32.
Rxc5 bxc5 33. h3 Qd1+ 34. Qxd1 Rxd1+ 35. Kh2 Rc1 36. Kg3 c4 37. bxc4 Rxc4 38. Be1 a4 39. a3 f6 40. Kf2 Kf7 41. Ke3 Rc2 42. g3 e5 43. Kd3 Rc1 44. Bd2 Ra1 45. Bb4 Rd1+ 46.
Kc2 Rh1 47. h4 h5 48. Kd3 Rg1 49. Ke3 Rxg3 50. Kf2 Rg6 51. Ke3 Rg1 52. Kf2 Rh1 53. Kg3 Ke6 54. f4 exf4+ 55. Kxf4 Rxh4+ 56. Ke3 Kd5 57. Kd3 Kc6 58. Kc3 Kb5 59. Kc2 Rxb4 60. axb4 Kxb4 61. Kb2 h4 62. Ka2 h3 0-1

[Event "Betsys MČR v online bleskovém šachu 2021"]
[Site "Chess.com"]
[Date "2021.04.17"]
[Round "7"]
[White "masterofbuzkashi"]
[Black "LiborRojar"]
[Result "0-1"]
[WhiteElo "2243"]
[BlackElo "2079"]
[TimeControl "180+1"]
[EndTime "10:12:42 PDT"]
[Termination "Uživatel LiborRojar zvítězil po vzdání soupeře"]

1. d4 d5 2. c4 e6 3. Nc3 c5 4.
Nf3 cxd4 5. Nxd4 e5 6. Nc2 d4 7. Ne4 f5 8. Ng3 Nc6 9. Bd2 e4 10. b4 Nf6 11. b5 Ne5 12. e3 d3 13. Nd4 Nxc4 14. Ngxf5 Nxd2 15. Qxd2 g6 16. Ng3 Bg7 17. f3 exf3 18. gxf3 O-O 19. Bxd3 Qe7 20. O-O Kh8 21.
Rae1 Nd5 22. Ne4 Bh3 23. Rf2 Rad8 24. a4 Nxe3 25. Nb3 Nf5 26. Nec5 Qd6 27. Re6 Qd5 28. Be4 Qxd2 29. Rxd2 Rxd2 30. Nxd2 Bd4+ 31. Kh1 Bxc5 32. Bxb7 Rd8 33. Re2 Bb4 34. Bc6 Rxd2 35. Rxd2 Bxd2 36. Kg1 Ne3 37. Kf2 Kg7 38. Ke2 Bc1 39. Kd3 Kf6 40. Kd4 g5 41. Kc5 Nf5 42. a5 Be3+ 43. Kc4 Ke5 44. Be4 Nd6+ 45. Kd3 Nxe4 46. fxe4 Bc5 47.
Kc4 Kd6 48. e5+ Kxe5 49. Kxc5 Bg2 50. b6 axb6+ 51. axb6 h5 52. Kc4 Kf4 53. Kd3 Kg4 54.
Ke2 Kh3 55. Kf2 Kxh2 56. Ke3 h4 57. Kf2 h3 58. Ke1 Kg1 59. Ke2 h2 60. Kd3 h1=Q 0-1

[Event "Betsys MČR v online bleskovém šachu 2021"]
[Site "Chess.com"]
[Date "2021.04.17"]
[Round "7"]
[White "RadosC"]
[Black "milanpetras"]
[Result "1-0"]
[WhiteElo "2490"]
[BlackElo "1846"]
[TimeControl "180+1"]
[EndTime "10:12:42 PDT"]
[Termination "Uživatel RadosC zvítězil na čas"]

1. e4 e6 2. d4 d5 3. Nd2 c5 4. exd5 exd5 5. Ngf3 Nc6 6. Bb5 Bd6 7. O-O Ne7 8. dxc5 Bxc5 9. Nb3 Bb6 10. Bg5 O-O 11. h3 h6 12. Bf4 Nf5 13. Qd2 a6 14.
Bd3 Qf6 15. c3 Be6 16. Rfe1 Rfe8 17. Rad1 Rad8 18. Bb1 d4 19. Qc1 dxc3 20. bxc3 g5 21. Bh2 Rxd1 22. Rxd1 Nh4 23. Nfd4 Bxb3 24. axb3 Nxd4 25.
cxd4 Bxd4 26. Qc2 Ng6 27. Bg3 h5 28. Qd2 Rd8 29. Qe2 h4 30. Bc7 Rc8 31. Bh2 Rd8 32. Bxg6 Qxg6 33. Kh1 Qe6 34. Qd2 Qf6 35. Bg1 Bb6 36.
Qc1 Rxd1 37. Qxd1 Bc7 38. Qd2 Qe5 39. Qd3 Kg7 40. Qf3 Kg6 41. Qxb7 g4 42. Qxa6+ Kg7 43. hxg4 Qf4 44. Qc4 h3 45. Qxf4 hxg2+ 46. Kxg2 Bxf4 47. Kf3 Bd6 48. Ke4 Kf6 49. f4 Bb4 50. Bd4+ Ke6 51. f5+ Kd6 52. g5 Bd2 53. g6 fxg6 54. fxg6 Ke6 55.
Kd3 Bb4 56. Kc4 Bf8 57. b4 Kd7 58. g7 1-0

[Event "Betsys MČR v online bleskovém šachu 2021"]
[Site "Chess.com"]
[Date "2021.04.17"]
[Round "7"]
[White "jachymcarostrelec4"]
[Black "xPsylocke"]
[Result "0-1"]
[WhiteElo "1969"]
[BlackElo "2201"]
[TimeControl "180+1"]
[EndTime "10:12:45 PDT"]
[Termination "Uživatel xPsylocke zvítězil na čas"]

1. d4 Nf6 2. Nf3 g6 3. c4 d6 4. Nc3 Bg7 5. e4 O-O 6. Be2 c6 7. O-O Qc7 8. d5 Nbd7 9. Be3 h6 10. Qd2 Kh7 11. h3 Nc5 12. Qc2 cxd5 13. Nxd5 Nxd5 14.
cxd5 Bd7 15. Rac1 a5 16. a3 a4 17. Bxc5 Qxc5 18. Qxc5 dxc5 19. Rxc5 Bxb2 20. Rc7 Bc8 21. Rxe7 Bxa3 22. Rc7 Bd6 23. Rc2 Re8 24. e5 Bxe5 25.
Bb5 Re7 26. Re1 Bd6 27. Rxe7 Bxe7 28. Bxa4 Bf5 29. Rc4 Bd6 30. g4 Bd3 31. Rd4 b5 32. Bd1 Bc4 33. Nd2 Bc5 34. Rf4 Ra1 35. Nxc4 Rxd1+ 36. Kg2 bxc4 37. Rxc4 Rxd5 38. Rf4 Kg7 39. Rf3 f5 40.
gxf5 Rxf5 41. Rc3 Bxf2 42. Rc4 Kf6 43. Rc6+ Kg5 44. Rc4 Kh5 45. Rg4 Bh4 46. Rc4 Rf2+ 47. Kh1 Re2 48. Rc5+ g5 49. Rc4 Bg3 50. Rg4 Bf4 51.
Rg2 Rxg2 52. Kxg2 Kh4 0-1

[Event "Betsys MČR v online bleskovém šachu 2021"]
[Site "Chess.com"]
[Date "2021.04.17"]
[Round "7"]
[White "Honzik1950"]
[Black "matycz07"]
[Result "1-0"]
[WhiteElo "1508"]
[BlackElo "1012"]
[TimeControl "180+1"]
[EndTime "10:12:45 PDT"]
[Termination "Uživatel Honzik1950 zvítězil matem"]

1. e4 e5 2. Nf3 Nc6 3. Bb5 Nf6 4. O-O Bc5 5. d3 O-O 6. c3 a6 7. Ba4 b5 8. Bc2 d6 9. Nbd2 Ng4 10. h3 Nh6 11.
Re1 Be6 12. Nf1 Qf6 13. Bg5 Qg6 14. Ng3 f6 15. Be3 Bxe3 16. Rxe3 d5 17. Nh4 Qf7 18. Rf3 dxe4 19. dxe4 f5 20. exf5 Bd5 21. Re3 Ne7 22. Bb3 Bxb3 23. axb3 Nexf5 24. Ngxf5 Nxf5 25. Nxf5 Qxf5 26. Rf3 Qe4 27. Qe1 Qxe1+ 28. Rxe1 Rxf3 29. gxf3 Rf8 30. Kg2 h5 31. Rxe5 g6 32. Re7 c5 33. Rc7 c4 34. bxc4 bxc4 35. Rxc4 Rb8 36. b4 Rd8 37. Rc6 Rd2 38. Rxg6+ Kh7 39. Rxa6 Rc2 40. Rc6 Kg7 41. b5 Kf7 42. b6 Rb2 43. Rc7+ Ke8 44. b7 Rb5 45. Rc8+ Kd7 46. b8=Q Rxb8 47. Rxb8 Ke6 48. Rh8 Kd5 49. Rxh5+ Kc4 50. Kg3 Kxc3 51. f4 Kd3 52. f5 Ke4 53. Kg4 Kd3 54. Kg5 Ke2 55. f4 Kf2 56. f6 Kg3 57. f7 Kf3 58. f8=Q Kg3 59. h4 Kf3 60. Kf5 Kg3 61. Qg7+ Kf3 62.
Rg5 Ke3 63. Rg2 Kf3 64. Qg3# 1-0

[Event "Betsys MČR v online bleskovém šachu 2021"]
[Site "Chess.com"]
[Date "2021.04.17"]
[Round "7"]
[White "matej-c"]
[Black "TarantAnk"]
[Result "1-0"]
[WhiteElo "1964"]
[BlackElo "1727"]
[TimeControl "180+1"]
[EndTime "10:12:46 PDT"]
[Termination "Uživatel matej-c zvítězil matem"]

1. d4 Nf6 2. c4 g6 3. g3 Bg7 4.
Bg2 O-O 5. Nc3 d6 6. e4 c5 7. Nge2 Bg4 8. f3 Bc8 9. Be3 Nfd7 10. O-O Nc6 11. Qd2 e5 12. dxc5 dxc5 13. Nd5 Nd4 14. Nec3 Nb6 15. Nxb6 Qxb6 16. Nd5 Qd8 17. Bg5 f6 18. Be3 Be6 19. Rac1 Bxd5 20. cxd5 Qd6 21. Rc3 b6 22. Rfc1 f5 23. b4 fxe4 24. fxe4 cxb4 25.
Rc7 Nb5 26. R7c6 Qd7 27. Qxb4 Nd4 28. Qd2 Rac8 29. Bxd4 Rxc6 30. dxc6 Qxd4+ 31. Qxd4 exd4 32. c7 d3 33. c8=Q Bd4+ 34. Kh1 Bc5 35. Rxc5 bxc5 36. Qe6+ Kg7 37. Qe5+ Kh6 38. Qxc5 Rd8 39. Qe3+ Kg7 40.
Qd2 Kf6 41. Kg1 Ke5 42. Kf2 Kd4 43. Qe3+ Kc3 44. Ke1 Kc2 45. Qc5+ Kb2 46. Kd2 Kxa2 47. Qc4+ Ka3 48. Qc5+ Kb2 49. e5 a5 50. Bd5 a4 51.
Qc3+ Kb1 52. Qb4+ Ka1 53. Qa3+ Kb1 54. Qa2# 1-0

[Event "Betsys MČR v online bleskovém šachu 2021"]
[Site "Chess.com"]
[Date "2021.04.17"]
[Round "7"]
[White "SajdlJosef"]
[Black "Bavorak15"]
[Result "0-1"]
[WhiteElo "1844"]
[BlackElo "1624"]
[TimeControl "180+1"]
[EndTime "10:12:49 PDT"]
[Termination "Uživatel Bavorak15 zvítězil na čas"]

1. d4 Nf6 2. Nf3 g6 3. Bf4 Bg7 4. e3 c5 5. Nbd2 cxd4 6. exd4 d5 7. Bd3 O-O 8. O-O Nc6 9. c3 Bg4 10. h3 Bxf3 11. Nxf3 e6 12. Re1 Qd7 13. Ne5 Nxe5 14.
Bxe5 b5 15. Qf3 Nh5 16. Bxg7 Nxg7 17. a3 a6 18. Qf4 Rac8 19. Qe5 Qc7 20. Qf6 Nh5 21.
Qg5 Qf4 22. Qxf4 Nxf4 23. Bf1 g5 24. g3 Ng6 25. a4 Rb8 26. axb5 axb5 27. Bd3 Kg7 28. f3 Rfc8 29. Kf2 b4 30. Rac1 bxc3 31. bxc3 Rb3 32. Bxg6 Kxg6 33. Re3 Rc4 34. Rc2 h6 35. Ke2 Ra3 36. Kd3 Rb3 37. Re1 Ra3 38. Rb1 Kf6 39.
g4 Kg6 40. Rf1 Rb3 41. f4 f6 42.
fxg5 hxg5 43. Re1 Kf7 44. Rf1 Ra3 45. Rff2 Rb3 46. Rg2 Ra3 47. Rh2 Rb3 48. h4 gxh4 49. Rxh4 Ra3 50. Rh5 Rb3 51. Rh7+ Kg6 0-1

[Event "Betsys MČR v online bleskovém šachu 2021"]
[Site "Chess.com"]
[Date "2021.04.17"]
[Round "7"]
[White "Maximon2012"]
[Black "Simaril76"]
[Result "1-0"]
[WhiteElo "1085"]
[BlackElo "710"]
[TimeControl "180+1"]
[EndTime "10:12:49 PDT"]
[Termination "Uživatel Maximon2012 zvítězil na čas"]

1. g3 c6 2. Bg2 d5 3. Nf3 Bf5 4. d3 h6 5. Bd2 Bh7 6. Nc3 Nf6 7. e3 Qc7 8. Qe2 e5 9. O-O e4 10. dxe4 dxe4 11. Nd4 c5 12. Nb3 Nc6 13. Rae1 Nb4 14. Rc1 O-O-O 15. f3 exf3 16. Qxf3 Be7 17. Bh3+ Kb8 18. a3 Nc6 19. e4 Ne5 20. Qe3 Rd7 21.
Na4 Nc4 22. Qf4 Qxf4 23. Bxf4+ Bd6 24. Bxd6+ Rxd6 25. Nbxc5 Nxe4 26. Nxe4 Bxe4 27. Rxf7 g5 28. Nc5 Bc6 29. Re1 Rhd8 30. Bg2 Nxb2 31. Bxc6 bxc6 32. Nb7 R8d7 33. Re8+ Kxb7 34. Rxd7+ Rxd7 35. Re2 Nc4 36. c3 Nxa3 37. Rb2+ Kc7 38. Kf2 Nc4 39. Kf3 a5 40. Re2 a4 41. Ra2 a3 42. Ke2 c5 43. Ke1 Kc6 44.
Kf2 Kd5 45. Kf3 Ke5 46. Kg4 Rd3 47. h3 Rxc3 48. h4 Nd6 49. hxg5 hxg5 50. Kxg5 Nf7+ 51. Kh4 Rf3 52. Kh3 c4 53. Kg2 Rb3 54. Kf2 c3 55.
Ke1 1-0

[Event "Betsys MČR v online bleskovém šachu 2021"]
[Site "Chess.com"]
[Date "2021.04.17"]
[Round "7"]
[White "OlifantCZ"]
[Black "Patriktesko"]
[Result "1-0"]
[WhiteElo "2291"]
[BlackElo "2072"]
[TimeControl "180+1"]
[EndTime "10:12:53 PDT"]
[Termination "Uživatel OlifantCZ zvítězil na čas"]

1. c4 c6 2. g3 d5 3. Bg2 dxc4 4. Nf3 Nf6 5. O-O g6 6. Na3 Be6 7. Qc2 Bg7 8. Nxc4 Bxc4 9. Qxc4 O-O 10. Rb1 Nbd7 11.
b4 a6 12. d3 Qc7 13. a4 Ne5 14. Qc2 Nxf3+ 15. Bxf3 Qd6 16. Bf4 e5 17. Be3 Nd5 18.
Bc5 Qe6 19. Bxf8 Bxf8 20. Bxd5 Qxd5 21. Qb3 Qd6 22. Rfc1 h5 23. h4 Be7 24. Qc4 g5 25. hxg5 Bxg5 26. Rc2 Kg7 27. b5 axb5 28. axb5 Rh8 29.
bxc6 bxc6 30. Rb7 Qf6 31. Qxc6 h4 32. Qxf6+ Kxf6 33. Rc6+ Kg7 34. Rcc7 Rf8 35. g4 Kg6 36. Kg2 Bf4 37. e3 Bg5 38. Rc6+ f6 39. Rb4 Ra8 40. f4 Ra2+ 41. Kh3 exf4 42. exf4 Bh6 43.
g5 Bg7 44. gxf6 Bf8 45. Rb7 Kf5 46. Kxh4 Kxf4 47. Kh5 Rg2 48. Rb5 Rg3 49. Rc4+ Ke3 50. Rg4 Rh3+ 51. Kg6 Kxd3 52. Rb3+ Kc2 53. Rxh3 Bc5 54.
Rc4+ Kd2 55. Rxc5 Ke2 56. Ra5 Kf2 57. Ra2+ Kg1 58. Rb3 1-0

[Event "Betsys MČR v online bleskovém šachu 2021"]
[Site "Chess.com"]
[Date "2021.04.17"]
[Round "7"]
[White "Naty139"]
[Black "Richarlito"]
[Result "0-1"]
[WhiteElo "2219"]
[BlackElo "2043"]
[TimeControl "180+1"]
[EndTime "10:12:54 PDT"]
[Termination "Uživatel Richarlito zvítězil na čas"]

1. e4 c6 2. d4 d5 3. Nd2 dxe4 4. Nxe4 Bf5 5. Ng3 Bg6 6. Nh3 e6 7. Nf4 Bd6 8. h4 Bxf4 9. Bxf4 h6 10. h5 Bh7 11. c3 Nf6 12. Bd3 Bxd3 13. Qxd3 Nbd7 14. O-O-O Nb6 15. c4 c5 16. dxc5 Qxd3 17. Rxd3 Nxc4 18.
b3 Na5 19. Rhd1 Rc8 20. b4 Nc6 21. a3 Nd5 22. Bd6 b6 23. Kb2 bxc5 24. Bxc5 f6 25. Re1 Kf7 26. Ne4 Rc7 27. Nd6+ Kg8 28. Rxe6 Nf4 29.
Re8+ Kh7 30. Rxh8+ Kxh8 31. Re3 Ne5 32. g3 Nfd3+ 33.
Kb3 Nxf2 34. Nb5 Rd7 35. Nxa7 Nfd3 36. Nb5 Rd5 37. a4 Nxc5+ 38. bxc5 Rxc5 39. Rc3 Rd5 40. Kb4 Kg8 41. Rc8+ Kf7 42. Nc7 Rd4+ 43. Kb5 Nd3 44. Ra8 Rb4+ 45. Kc6 Rc4+ 46. Kd7 Ne5+ 47. Kd6 Rd4+ 48.
Kc5 Rc4+ 49. Kb6 Nd7+ 50. Kb7 Nc5+ 51. Kc8 Rxa4 52. Rb8 Rc4 53. Kd8 Rd4+ 54. Kc8 Rg4 55. Rb5 Ne6 0-1

[Event "Betsys MČR v online bleskovém šachu 2021"]
[Site "Chess.com"]
[Date "2021.04.17"]
[Round "7"]
[White "FutureFideMasseur"]
[Black "AJedlicka"]
[Result "1-0"]
[WhiteElo "2444"]
[BlackElo "2210"]
[TimeControl "180+1"]
[EndTime "10:12:55 PDT"]
[Termination "Uživatel FutureFideMasseur zvítězil na čas"]

1. d4 Nf6 2. c4 e6 3. Nf3 d5 4.
Nc3 Be7 5. Bg5 Nbd7 6. e3 h6 7.
Bh4 O-O 8. Be2 dxc4 9. Bxc4 c5 10. O-O b6 11. Qe2 Bb7 12. Rad1 Qc8 13. Ne5 Re8 14. Nxd7 Nxd7 15. Bxe7 Rxe7 16. d5 exd5 17. Bxd5 Nf6 18. Bxb7 Qxb7 19. Rd6 Rae8 20. Rfd1 Re6 21. R6d2 Ne4 22.
Nxe4 Qxe4 23. h3 R6e7 24. Qb5 Qb7 25. a4 a6 26. Qb3 b5 27. axb5 axb5 28. Rd5 Re5 29.
Rd7 c4 30. Rxb7 cxb3 31. Rd3 Rc8 32. Rxb3 Rc1+ 33. Kh2 Rc2 34. Rb8+ Kh7 35. R8xb5 Rxb5 36. Rxb5 Rxf2 37. Kg3 Rc2 38. Kf3 g6 39. Rb7 Kg7 40.
b4 h5 41. b5 Rb2 42. h4 Kf6 43. g3 Rb3 44. Ke4 Ke6 45. Kd4 f6 46. b6 Kf5 47.
Kc5 Rxe3 48. Rd7 g5 49. hxg5 fxg5 50. Rd4 Rc3+ 51. Rc4 Re3 52. b7 Re8 53. Kb6 Rd8 54. Kc7 Rh8 55. b8=Q Rxb8 56. Kxb8 g4 57. Rc5+ Ke4 58.
Rc3 h4 59. gxh4 Kf4 60. Kc7 g3 61. h5 1-0

[Event "Betsys MČR v online bleskovém šachu 2021"]
[Site "Chess.com"]
[Date "2021.04.17"]
[Round "7"]
[White "pedroholly22"]
[Black "Rozmetal"]
[Result "1-0"]
[WhiteElo "2394"]
[BlackElo "2146"]
[TimeControl "180+1"]
[EndTime "10:12:55 PDT"]
[Termination "Uživatel pedroholly22 zvítězil na čas"]

1. e4 c5 2. Nf3 d6 3. d4 cxd4 4. Qxd4 Nf6 5. Nc3 e6 6. Bg5 Be7 7. O-O-O O-O 8. Rg1 Nc6 9. Qd2 a6 10. Bd3 b5 11. g4 Bb7 12. h4 b4 13. Ne2 a5 14. h5 a4 15. Kb1 b3 16. cxb3 axb3 17. a3 d5 18. e5 Nd7 19. h6 g6 20. Bxe7 Qxe7 21. Ned4 Ncxe5 22. Nxe5 Nxe5 23. Rde1 Nc4 24. Bxc4 dxc4 25. Nf5 Qf6 26. Qd4 Qxd4 27. Nxd4 Rfd8 28.
Nb5 Rd2 29. f4 Rad8 30. Nc3 Kf8 31. f5 exf5 32. gxf5 Rf2 33. fxg6 fxg6 34. Rd1 Rdd2 35. Rxd2 Rxd2 36. Rf1+ Ke7 37. a4 Rh2 38. a5 Rxh6 39.
Kc1 Rh5 40. Rf4 Rxa5 41. Rxc4 Kf6 42. Rb4 Bc6 43. Rxb3 h5 44. Rb6 Rc5 45. Kd2 h4 46.
Ne4+ Kf5 47. Nxc5 Bd5 48. Nd3 g5 49. Rb5 Ke4 50. Nf2+ Kd4 51. Rb4+ Ke5 52. Ke3 Be6 53. Nd3+ Kf6 54. Nf2 h3 55. Kf3 1-0

[Event "Betsys MČR v online bleskovém šachu 2021"]
[Site "Chess.com"]
[Date "2021.04.17"]
[Round "7"]
[White "martin1804"]
[Black "FaceOfLightning"]
[Result "1-0"]
[WhiteElo "2257"]
[BlackElo "1986"]
[TimeControl "180+1"]
[EndTime "10:12:55 PDT"]
[Termination "Uživatel martin1804 zvítězil na čas"]

1. d4 Nf6 2. Nf3 e6 3. Bf4 d6 4. e3 Be7 5. h3 Nbd7 6. Be2 O-O 7. O-O Re8 8. c3 Bf8 9. Bh2 b6 10. a4 a6 11. Na3 Bb7 12. Rc1 e5 13. Nc4 e4 14.
Nfd2 d5 15. Na3 Bxa3 16. bxa3 Qe7 17. Qb3 Rac8 18. c4 c5 19. a5 dxc4 20. Nxc4 b5 21. Nd6 Bd5 22. Qb2 c4 23. Qb4 Nb8 24. Nxc8 Qxb4 25.
axb4 Rxc8 26. Bxb8 Rxb8 27. f3 Re8 28. Kf2 h6 29. Bd1 Nd7 30. Bc2 f5 31. f4 Nb8 32.
g4 g6 33. Rg1 Kh7 34. gxf5 gxf5 35. Bd1 Nc6 36. Bh5 Re7 37. Bg6+ Kh8 38. Bxf5 Nxb4 39. Ke2 Nd3 40. Rcf1 c3 41. Rg6 Rf7 42. Rxh6+ Kg8 43.
Rg1+ Kf8 44. Bg6 Rf6 45. Rh8+ Ke7 46. Rh7+ Kd6 47. f5 c2 48. Kd2 c1=Q+ 49. Rxc1 Nxc1 50.
Kxc1 b4 51. Ra7 Bc4 52. h4 b3 53. Kb2 Kd5 54. h5 Rf8 55. Bf7+ Kd6 56. Bxc4 Rh8 57. f6 1-0

[Event "Betsys MČR v online bleskovém šachu 2021"]
[Site "Chess.com"]
[Date "2021.04.17"]
[Round "7"]
[White "kalcs"]
[Black "Pantata007"]
[Result "0-1"]
[WhiteElo "2075"]
[BlackElo "2275"]
[TimeControl "180+1"]
[EndTime "10:12:57 PDT"]
[Termination "Uživatel Pantata007 zvítězil po vzdání soupeře"]

1. e4 e5 2. Nf3 Nc6 3. Bb5 a6 4. Ba4 Nf6 5. d3 Bc5 6. O-O d6 7. c3 O-O 8. h3 h6 9. Re1 Ba7 10. Nbd2 Bd7 11. Nf1 Ne7 12. Bb3 Ng6 13. Be3 Bxe3 14.
Nxe3 Nf4 15. Nf5 Bxf5 16. exf5 Qd7 17. Nh4 Qc6 18. Qf3 Qxf3 19. Nxf3 Nxd3 20. Re2 Rfe8 21. Rd1 Nc5 22. Bc2 a5 23. a3 a4 24. g3 b5 25. Ne1 d5 26. Nf3 e4 27. Nd4 Rab8 28.
Nc6 Rb6 29. Nb4 c6 30. Kg2 Rc8 31. g4 Rb7 32. Kg3 Nfd7 33. h4 Ne5 34. Kf4 Nc4 35. Bb1 Re7 36. g5 h5 37. f6 gxf6 38. gxf6 Re6 39.
Rg1+ Kh7 40. Rg5 Rxf6+ 41. Kg3 Kh6 42. Nxd5 cxd5 43. Rxd5 Ne6 44. Bxe4 Rg8+ 45. Kh2 Nf4 46. Re1 Nxd5 47. Bxd5 Rxf2+ 48. Kh1 Rf4 49. Re2 Rxh4+ 50. Rh2 Rxh2+ 51. Kxh2 Nxb2 52. Bxf7 Rf8 53. Bd5 Rd8 54. Bc6 Rb8 55. Kg3 Nd1 0-1